 Dungeon Crawl Stone Soup version 0.18-b1-2-gd0c887e (webtiles) character file.

93 dobroeutro the Cudgeler (level 4, -3/28 HPs)
             Began as a Gargoyle Fighter on Apr 28, 2016.
             Slain by a gnoll
             ... wielding a +0 halberd
              (7 damage)
             ... on level 2 of the Dungeon.
             The game lasted 00:01:46 (1755 turns).

dobroeutro the Cudgeler (Gargoyle Fighter)          Turns: 1755, Time: 00:01:47

Health: -3/28      AC: 12    Str: 20    XL:     4   Next: 62%
Magic:  4/4        EV:  7    Int:  9    God:
Gold:   166        SH:  9    Dex:  9    Spells: 0 memorised, 3 levels left

rFire  . . .     SeeInvis .     a - +0 flail
rCold  . . .     Gourm    .     b - +0 scale mail
rNeg   + . .     Faith    .     c - +0 shield
rPois  ∞         Spirit   .     (no helmet)
rElec  +         Dismiss  .     (no cloak)
rCorr  .         Reflect  .     (no gloves)
SustAt .         Harm     .     h - +1 pair of boots
MR     .....                    (no amulet)
Stlth  ..........               (no ring)
                                (no ring)

@: not resistant to hostile enchantments, extremely unstealthy
A: negative energy resistance 1, electricity resistance, unbreathing,
petrification resistance, rot immunity, AC +3
a: no special abilities


You were on level 2 of the Dungeon.
You were not hungry.

You visited 1 branch of the dungeon, and saw 3 of its levels.

You collected 166 gold pieces.

Inventory:

Hand Weapons
 a - a +0 flail (weapon)
Armour
 b - a +0 scale mail (worn)
 c - a +0 shield (worn)
 h - a +1 pair of boots (worn)
Scrolls
 e - 3 scrolls of remove curse {unknown}
 i - 2 scrolls of identify {unknown}
Potions
 d - 2 potions of might
 j - a potion of haste {unknown}
 l - a potion of flight {unknown}
Comestibles
 f - 2 bread rations
 g - a meat ration
 k - 2 beef jerkies


   Skills:
 - Level 3.2 Fighting
 + Level 4.6 Maces & Flails
 - Level 3.2 Armour
 - Level 3.2 Shields


You had 3 spell levels left.
You didn't know any spells.

Dungeon Overview and Level Annotations

Branches:
Dungeon (3/15)

Altars:


Innate Abilities, Weirdness & Mutations

You are resistant to torment.
Your stone body is resilient (AC +3).
You are immune to poison.
You resist negative energy.
You are resistant to electric shocks.
You can survive without breathing.
You are immune to petrification.
You are immune to rotting.


Message History

You block the gnoll's attack. You block the orc's attack.
You barely miss the orc.
The orc is severely wounded.
The orc hits you but does no damage. You block the gnoll's attack.
You hit the orc but do no damage.
The orc is severely wounded.
You block the gnoll's attack. The orc hits you but does no damage.
You hit the orc but do no damage.
The orc is severely wounded.
The gnoll barely misses you. The orc hits you but does no damage.
You barely miss the orc.
The orc is severely wounded.
The orc closely misses you.
The gnoll hits you from afar with a halberd.
* * * LOW HITPOINT WARNING * * *
You hit the orc.
You kill the orc!
The gnoll hits you but does no damage. The gnoll hits you with a halberd!
You die...

# #.##.###.#..##.....≈# #≈....
#####...#..#.......(.≈## ##≈....
......⌠...##.#.......≈≈####≈≈....
#####...####.#........≈≈≈≈≈≈.....
# ##.## #.#...................
#.# #......##..........##. #(#
####....#...[......#.. #.#
#.g#............... # ##.##
##@##.....#........ #####...###
#>###...#♣#.......
......⌠...######## ##...######...
#####...#........# #...# #####
#...##.##...####.# #...# #....
...............#.# #...# #....
.............#.#.# #...#####....
.............#.#.# #...#........
.............#.#.# #...####.....


You could see a gnoll.

Vanquished Creatures
  2 gnolls
  An adder (D:2)
  An ooze (D:1)
  2 dart slugs
  2 giant geckos (D:2)
  2 orcs
  4 giant cockroaches
  8 goblins
  6 hobgoblins
  3 jackals (D:2)
  9 bats
  4 giant newts (D:1)
  4 kobolds
  2 rats
50 creatures vanquished.

Vanquished Creatures (others)
  4 toadstools (D:1)
4 creatures vanquished.

Grand Total: 54 creatures vanquished

Notes
Turn   | Place    | Note
--------------------------------------------------------------
     0 | D:1      | dobroeutro the Gargoyle Fighter began the quest for the Orb.
     0 | D:1      | Reached XP level 1. HP: 14/14 MP: 1/1
    40 | D:1      | Reached XP level 2. HP: 13/19 MP: 2/2
   129 | D:1      | Reached skill level 3 in Maces & Flails
   507 | D:1      | Reached XP level 3. HP: 23/23 MP: 3/3
   981 | D:2      | Reached skill level 4 in Maces & Flails
  1106 | D:2      | Reached XP level 4. HP: 28/28 MP: 4/4
  1755 | D:2      | Slain by a gnoll

Skill      XL: |  1  2  3 |
---------------+----------+-----
Maces & Flails | 3 4 |  4.6
Fighting       | |  3.2
Armour         | |  3.2
Shields        | |  3.2

Action                   |  1- 3 |  4- 6 || total
-------------------------+-------+-------++-------
Melee: Flail             |   162 |    50 ||   212
  Eat: Bread ration      |       |     1 ||     1
       Chunk             |       |     1 ||     1
Armor: Scale mail        |   120 |    25 ||   145
Dodge: Dodged            |    69 |    19 ||    88
Block: Shield            |    98 |    33 ||   131
